 Dungeon Crawl Stone Soup version 0.25-a0-701-gb30f108f01 (webtiles) character file.

Game seed: 6144759506059528754, levelgen mode: deterministic

196 Glundar the Shield-Bearer (level 5, -3/41 HPs)
             Began as a Demonspawn Fighter on Apr 3, 2020.
             Slain by an ogre
             ... wielding a cursed +0 giant spiked club
              (18 damage)
             ... on level 4 of the Dungeon.
             The game lasted 00:11:09 (2875 turns).

Glundar the Shield-Bearer (Demonspawn Fighter)      Turns: 2875, Time: 00:11:10

Health: -3/41      AC: 16    Str: 18    XL:     5   Next: 46%
Magic:  5/5        EV:  7    Int:  9    God:
Gold:   205        SH:  9    Dex: 12    Spells: 4/4 levels left

rFire    . . .     SeeInvis .   a - +0 war axe
rCold    + . .     Gourm    .   c - +0 kite shield
rNeg     . . .     Faith    .   b - +0 scale mail
rPois    .         Spirit   .   x - +0 helmet
rElec    .         Reflect  .   g - +0 cloak
rCorr    .         Harm     .   (no gloves)
MR       .....                  y - +0 pair of boots
Stlth    ..........             (no amulet)
HPRegen  0.13/turn              (no ring)
MPRegen  0.09/turn              (no ring)

@: sanguine armour
A: cold resistance 1, sanguine armour 1
a: no special abilities


You were on level 4 of the Dungeon.
You were not hungry.

You visited 1 branch of the dungeon, and saw 4 of its levels.

You collected 205 gold pieces.

Inventory:

Hand Weapons
 a - a +0 war axe (weapon)
Missiles
 j - 72 stones (quivered)
 k - 76 sling bullets
Armour
 b - a +0 scale mail (worn)
 c - a +0 kite shield (worn)
 g - a +0 cloak (worn)
 x - a +0 helmet (worn)
 y - a +0 pair of boots (worn)
Jewellery
 q - an uncursed ring of poison resistance {unknown}
 w - an uncursed ring of positive energy {unknown}
Wands
 r - a wand of disintegration (12)
Scrolls
 l - a scroll of enchant weapon {unknown}
 m - 2 scrolls of teleportation {unknown}
 n - 3 scrolls of remove curse {unknown}
 p - 2 scrolls of enchant armour {unknown}
 s - a scroll of blinking {unknown}
 t - 3 scrolls of identify {unknown}
Potions
 d - a potion of might
 e - a potion of degeneration {unknown}
 h - 2 potions of stabbing {unknown}
 i - a potion of curing {unknown}
 o - 2 potions of heal wounds {unknown}
 v - a potion of haste {unknown}
Comestibles
 f - 6 rations
 u - 6 chunks of flesh


   Skills:
 - Level 3.2 Fighting
 + Level 3.6 Axes
 - Level 3.0 Armour
 + Level 4.3 Shields


You had 4 spell levels left.
You didn't know any spells.
Your spell library was empty.

Dungeon Overview and Level Annotations

Branches:
Dungeon (4/15)
 Temple: D:4-7

Altars:
Elyvilon
Fedhas
Gozag
Kikubaaqudgha


Innate Abilities, Weirdness & Mutations

Your flesh is cold resistant. (rC+)
When seriously injured, your bleeding wounds create armour. (AC +6)


Message History

The ogre shouts!
Found a plate armour and a scroll labeled HEKLIG YROY.
Found an escape hatch in the ceiling.
Found a stone staircase leading up.
There is a stone staircase leading up here.
You climb upwards.
There is a stone staircase leading down here.
You climb downwards.
The ogre hits you with a cursed +0 giant spiked club!
Your blood congeals into armour.
There is a stone staircase leading up, spattered with blood here.
You slash the ogre!
The ogre is moderately wounded.
You block the ogre's attack.
You hit the ogre.
The ogre is heavily wounded.
The ogre hits you with a cursed +0 giant spiked club!
You hit the ogre.
The ogre is heavily wounded.
The ogre hits you with a cursed +0 giant spiked club!!
You die...

.<......#
........#
........#
........#
........#
........#
......O.##
..[....@.#
.......<.#
#.........#
#....###...#
..... .....
.... ......
... .......
... .....?.


You could see an ogre.

Vanquished Creatures
  A crimson imp (D:2)
  A worker ant zombie (D:2)
  5 adders
  An ooze (D:1)
  A worm (D:2)
  4 dart slugs
  5 leopard geckos
  6 bats
  A giant cockroach (D:1)
  15 goblins
  8 hobgoblins
  10 jackals
  10 frilled lizards
  9 kobolds
  6 rats
83 creatures vanquished.

Vanquished Creatures (others)
  5 plants (D:1)
5 creatures vanquished.

Grand Total: 88 creatures vanquished

Notes
Turn   | Place    | Note
-------+----------+-------------------------------------------
     0 | D:1      | Glundar the Demonspawn Fighter began the quest for the Orb.
     0 | D:1      | Reached XP level 1. HP: 18/18 MP: 1/1
    47 | D:1      | Gained mutation: Your flesh is cold resistant. (rC+)
                  | [demonic ancestry]
    47 | D:1      | Reached XP level 2. HP: 24/24 MP: 2/2
   142 | D:1      | Reached skill level 3 in Shields
   326 | D:1      | Reached XP level 3. HP: 28/29 MP: 3/3
  1192 | D:2      | Found an opulent altar of Gozag.
  1209 | D:2      | Gained mutation: When seriously injured, your bleeding
                  | wounds create armour. (AC +6) [demonic ancestry]
  1209 | D:2      | Reached XP level 4. HP: 30/35 MP: 4/4
  1310 | D:2      | Found a white marble altar of Elyvilon.
  1902 | D:2      | Reached skill level 4 in Shields
  1902 | D:2      | Reached XP level 5. HP: 39/41 MP: 5/5
  1926 | D:2      | Found an ancient bone altar of Kikubaaqudgha.
  1926 | D:2      | Found a blossoming altar of Fedhas.
  2868 | D:4      | Noticed an ogre
  2875 | D:4      | Slain by an ogre

Levels and vault maps discovered:
D:1:      dpeg_arrival_long_road, layout_loops_ring, minmay_lizard_king
D:2:      layout_loops_ring, elyvilon_altar_5,
          grunt_temple_overflow_growth_and_decay, lemuel_crystal_altar,
          minmay_fractal_squares_gapless_5
D:3:      layout_basic
D:4:      layout_layer_cave

Skill      XL: |  1  2  3  4 |
---------------+-------------+-----
Armour         | 3 |  3.0
Axes           | 2 3 |  3.6
Shields        | 3 4 |  4.3
Fighting       | |  3.2

Action                   |  1- 3 |  4- 6 || total
-------------------------+-------+-------++-------
Melee: War axe           |   135 |   143 ||   278
  Eat: Chunk             |     1 |     6 ||     7
Armor: Scale mail        |    57 |    71 ||   128
Dodge: Dodged            |    39 |    45 ||    84
Block: Kite shield       |    66 |    85 ||   151

Table legend:
 A = Non-vault XP
 B = Vault XP
 C = Vault XP percentage of total XP
 D = Non-vault monster count
 E = Vault monster count
 F = Vault count percentage of total count
                 A         B        C        D         E       F
            +---------+---------+-------+---------+---------+-------
      Total |     265 |      16 |   5.7 |      71 |      12 |  14.5
            +---------+---------+-------+---------+---------+-------
        D:1 |      77 |      10 |  11.5 |      34 |       8 |  19.0
        D:2 |     150 |       6 |   3.8 |      23 |       4 |  14.8
        D:3 |      38 |       0 |   0.0 |      14 |       0 |   0.0
            +---------+---------+-------+---------+---------+-------
